 Dungeon Crawl Stone Soup version 0.26.1-11-gd32895ea62 (webtiles) character file.

Game seed: 18391825693653203147

70 Sylvandel the Skirmisher (level 4, -4/29 HPs)
             Began as a Gargoyle Gladiator on June 16, 2021.
             Slain by a gnoll
             ... wielding a +0 flail
              (10 damage)
             ... on level 1 of the Dungeon.
             The game lasted 00:02:56 (1595 turns).

Sylvandel the Skirmisher (Gargoyle Gladiator)       Turns: 1595, Time: 00:02:57

Health: -4/29      AC:  7    Str: 18    XL:     4   Next: 22%
Magic:  4/4        EV: 12    Int:  9    God:
Gold:   95         SH:  0    Dex: 11    Spells: 3/3 levels left

rFire    . . .     SeeInvis .   a - +0 flail
rCold    . . .     Faith    .   (no shield)
rNeg     + . .     Spirit   .   b - +0 leather armour
rPois    ∞         Reflect  .   c - +0 helmet
rElec    +         Harm     .   (no cloak)
rCorr    .         Rampage  .   (no gloves)
Will     .....                  (no boots)
Stlth    +.........             (no amulet)
HPRegen  0.09/turn              (no ring)
MPRegen  0.09/turn              (no ring)

@: no status effects
A: negative energy resistance 1, electricity resistance, unbreathing,
petrification resistance, miasma immunity, AC +3
a: no special abilities


You were on level 1 of the Dungeon.
You visited 1 branch of the dungeon, and saw 2 of its levels.

You collected 95 gold pieces.

Inventory:

Hand Weapons
 a - a +0 flail (weapon)
Missiles
 d - 2 throwing nets (quivered)
Armour
 b - a +0 leather armour (worn)
 c - a +0 helmet (worn)
 h - a +1 cloak
Jewellery
 i - an uncursed ring of protection from fire {unknown}
 j - an uncursed ring of stealth {unknown}
Scrolls
 e - a scroll of identify {unknown}
 l - a scroll of teleportation {unknown}
Potions
 f - 2 potions of haste {unknown}
 g - 2 potions of flight {unknown}
 k - a potion of heal wounds {unknown}


   Skills:
 * Level 4.1 Fighting
 + Level 3.7 Maces & Flails
 - Level 1.7 Throwing
 - Level 2.4 Dodging


You had 3 spell levels left.
You didn't know any spells.
Your spell library was empty.

Dungeon Overview and Level Annotations

Branches:
Dungeon (2/15)

Altars:


Innate Abilities, Weirdness & Mutations

You are resistant to torment.
Your stone body is resilient. (AC +3)
You are immune to poison.
You resist negative energy. (rN+)
You are resistant to electric shocks. (rElec)
You can survive without breathing.
You are immune to petrification.
You are immune to miasma.


Message History

You kill the gnoll!
The gnoll misses you.
Your Fighting skill increases to level 4!
You barely miss the gnoll. The gnoll hits you but does no damage.
You closely miss the gnoll. The gnoll closely misses you.
You barely miss the gnoll. The gnoll hits you with a +0 flail.
* * * LOW HITPOINT WARNING * * *
Okay, then.
The gnoll barely misses you. The gnoll barely misses you.
You see here a cursed -2 club.
The gnoll closely misses you.
You hit the gnoll.
The gnoll is moderately wounded.
The gnoll hits you with a +0 flail!
* * * LOW HITPOINT WARNING * * *
You barely miss the gnoll.
The gnoll is moderately wounded.
The gnoll hits you with a +0 flail!
You die...

...#§.# #.# ..##≈.#
#.# .#.#..# #.#
###..)# #.# ≈≈#...#
#.# ≈≈..#.# #.#
...##.# #.#
.####.#############.##
## #.(.........@g...#
###.############## #(#
#.# #.# #)# #.#
#######.# ........#


You could see a gnoll.

Vanquished Creatures
  2 gnolls (D:1)
  An adder (D:2)
  3 leopard geckos
  5 bats
  A giant cockroach (D:1)
  2 goblins (D:1)
  7 hobgoblins (D:1)
  A ball python (D:1)
  3 frilled lizards
  9 kobolds
  4 rats
38 creatures vanquished.

Notes
Turn   | Place    | Note
-------+----------+-------------------------------------------
     0 | D:1      | Sylvandel the Gargoyle Gladiator began the quest for the
                  | Orb.
     0 | D:1      | Reached XP level 1. HP: 12/12 MP: 1/1
   114 | D:1      | Reached XP level 2. HP: 18/18 MP: 2/2
   442 | D:1      | Reached skill level 3 in Fighting
   680 | D:1      | Reached XP level 3. HP: 23/23 MP: 3/3
  1477 | D:1      | Reached XP level 4. HP: 16/29 MP: 4/4
  1481 | D:1      | Reached skill level 4 in Fighting
  1595 | D:1      | Slain by a gnoll

Illustrated notes

Levels and vault maps discovered:
D:1:      dpeg_arrival_round_b, layout_basic, wad_floor_pattern_untrapped,
          st_stairs_5, grunt_decor_junction
D:2:      layout_loops_ring

Skill      XL: |  1  2  3  4 |
---------------+-------------+-----
Fighting       | 3 4 |  4.1
Maces & Flails | |  3.7
Throwing       | |  1.7
Dodging        | |  2.4

Action                   |  1- 3 |  4- 6 || total
-------------------------+-------+-------++-------
Melee: Flail             |   117 |     9 ||   126
Throw: Throwing net      |     1 |       ||     1
  Use: Scroll            |     1 |       ||     1
Armor: Leather armour    |    51 |     1 ||    52
Dodge: Dodged            |   124 |     7 ||   131
